Map: [ESL] Oceanborn

Players

Maplez - Winner!

  • Race: Protoss Protoss
  • Spawn Location: 5:00

DisK

  • Race: Protoss Protoss
  • Spawn Location: 11:00

Event: ESL SC2 Masters 2024 Spring (Regional)

VOD

Have the link to the VOD?

Description

Time

  • Played on: April 14, 2024, 11:06 a.m.
  • Length: 8:24

All games in this series

Show
View Real Time Build Order
Export as new Build Order

Maplez Protoss - Winner!

Build Orders: Blink Stalkers 

Get SALT Encoding   

  12  0:00  Probe  
  13  0:12  Probe  
  14  0:17  Pylon  
  14  0:24  Probe (Chrono Boost)  
  16  0:37  Probe (Chrono Boost), Gateway  
  16  0:41  Probe (Chrono Boost)  
  16  0:45  Assimilator  
  17  0:51  Probe (Chrono Boost)  
  17  0:53  Assimilator  
  18  1:04  Probe (Chrono Boost)  
  19  1:07  Gateway  
  19  1:12  Probe (Chrono Boost)  
  19  1:18  Probe  
  21  1:26  Cybernetics Core  
  21  1:30  Probe  
  22  1:38  Pylon  
  22  1:42  Probe  
  23  1:56  Probe  
  24  2:04  Warp Gate (Chrono Boost)  
  24  2:05  Stalker  
  24  2:06  Sentry  
  28  2:08  Pylon  
  28  2:10  Probe  
  29  2:26  Pylon  
  29  2:30  Stalker  
  29  2:35  Stalker  
  33  2:52  Nexus  
  33  2:57  Pylon  
  33  3:03  Probe  
  34  3:10  Twilight Council  
  34  3:15  Probe  
  35  3:21  Shield Battery  
  35  3:27  Probe  
  35  3:33  Robotics Facility  
  36  3:47  Stalker x2  
  38  3:53  Blink (Chrono Boost)  
  38  4:01  Shield Battery  
  38  4:07  Pylon  
  38  4:09  Pylon  
  38  4:14  Shield Battery  
  38  4:17  Observer  
  39  4:26  Sentry, Stalker  
  39  4:40  Observer  
  39  4:42  Observer  
  37  4:50  Stalker x2  
  41  4:54  Gateway  
  41  4:57  Observer  
  41  5:02  Probe  
  43  5:09  Observer  
  42  5:14  Stalker x2  
  42  5:17  Probe  
  42  5:20  Pylon  
  47  5:38  Probe  
  47  5:39  Pylon  
  48  5:43  Stalker, Nexus  
  48  5:45  Pylon  
  48  5:49  Stalker  
  52  5:54  Observer  
  52  5:58  Stalker  
  52  6:03  Probe  
  55  6:06  Stalker  
  57  6:17  Observer  
  56  6:20  Stalker  
  56  6:23  Probe  
  60  6:33  Shield Battery  
  60  6:38  Adept x2  
  64  6:42  Probe  
  63  6:54  Probe  
  63  6:58  Immortal (Chrono Boost)  
  68  7:06  Probe  
  69  7:17  Stalker  
  69  7:18  Stalker x2  
  73  7:34  Immortal  
  77  7:44  Stalker  
  78  7:58  Stalker x2  
  82  8:04  Probe  
  64  8:20  Stalker x2  
Show
View Real Time Build Order
Export as new Build Order

DisK Protoss 

Build Orders:  

Get SALT Encoding   

  12  0:00  Probe  
  13  0:12  Probe  
  14  0:17  Pylon  
  14  0:24  Probe  
  15  0:35  Gateway  
  15  0:36  Probe (Chrono Boost)  
  16  0:46  Assimilator, Probe (Chrono Boost)  
  17  0:51  Probe (Chrono Boost)  
  17  0:57  Assimilator  
  18  1:03  Probe (Chrono Boost)  
  19  1:09  Gateway  
  19  1:15  Probe (Chrono Boost)  
  20  1:21  Probe (Chrono Boost)  
  21  1:26  Cybernetics Core  
  21  1:29  Probe  
  22  1:39  Pylon  
  22  1:41  Probe  
  23  1:57  Probe  
  23  2:00  Warp Gate (Chrono Boost)  
  24  2:02  Stalker x2  
  28  2:13  Pylon  
  28  2:32  Stalker x2  
  28  2:35  Robotics Facility  
  32  2:43  Shield Battery  
  32  3:02  Stalker x2  
  36  3:07  Gateway  
  36  3:22  Pylon  
  36  3:27  Warp Prism (Chrono Boost)  
  37  3:44  Stalker  
  37  3:51  Stalker  
  39  4:03  Observer  
  39  4:04  Stalker  
  39  4:08  Pylon  
  42  4:11  Stalker  
  40  4:46  Stalker x3  
  42  4:59  Twilight Council  
  42  5:02  Warp Prism (Chrono Boost)  
  44  5:12  Probe  
  44  5:27  Observer  
  40  5:30  Stalker x3  
  40  5:34  Blink (Chrono Boost)  
  47  5:48  Pylon  
  47  6:13  Pylon  
  47  6:19  Sentry  
  47  6:20  Adept x2  
  53  6:26  Shield Battery  
  53  6:29  Observer  
  53  6:48  Stalker x2  
  53  6:49  Stalker  
  59  7:00  Pylon  
  59  7:18  Stalker x3  
  59  7:19  Observer  
  63  7:51  Stalker x3  
  45  8:14  Stalker x3  
Tags
 
Add a new tag
Caveats
  • Supply blocks, unpowered buildings, or Contaminate may cause inaccurate times.
  • Supply counts are checked every 10 seconds.